 Dungeon Crawl Stone Soup version 0.18.1-50-g88ac8fd (webtiles) character file.

37 WhiskeyPanda the Firebug (level 3, 0/26 HPs)
             Began as a Draconian Fire Elementalist on Sept 14, 2016.
             Succumbed to an adder's poison
             ... on level 2 of the Dungeon.
             The game lasted 00:09:50 (1007 turns).

WhiskeyPanda the Firebug (DrFE)                     Turns: 1007, Time: 00:09:51

Health: 0/26       AC:  5    Str: 11    XL:     3   Next: 21%
Magic:  6/6        EV: 12    Int: 15    God:
Gold:   59         SH:  0    Dex: 11    Spells: 1 memorised, 5 levels left

rFire  . . .     SeeInvis .     c - +0 short sword
rCold  . . .     Gourm    .     (armour unavailable)
rNeg   . . .     Faith    .     (no shield)
rPois  .         Spirit   .     (helmet restricted)
rElec  .         Dismiss  .     (no cloak)
rCorr  .         Reflect  .     (no gloves)
SustAt .         Harm     .     (no boots)
MR     .....                    (no amulet)
Stlth  ++........               (no ring)
                                (no ring)

@: lethally poisoned (0 -> -2), very slightly contaminated, not resistant to
hostile enchantments, unstealthy
A: unfitting armour, cold-blooded, AC +5
a: no special abilities


You were on level 2 of the Dungeon.
You were full.

You visited 1 branch of the dungeon, and saw 2 of its levels.

You collected 59 gold pieces.

Inventory:

Hand Weapons
 c - a +0 short sword (weapon)
Missiles
 h - 2 tomahawks of returning
 i - 7 stones (quivered)
Scrolls
 d - a scroll of blinking
 e - a scroll of enchant armour
Books
 a - a book of Flames

   Spells                             Type                      Level
   a - Flame Tongue                   Conjuration/Fire             1
   b - Throw Flame                    Conjuration/Fire             2
   c - Conjure Flame                  Conjuration/Fire             3
   d - Inner Flame                    Hexes/Fire                   3
   e - Sticky Flame                   Conjuration/Fire             4
   f - Fireball                       Conjuration/Fire             5
Comestibles
 b - a bread ration
 f - 2 chunks of flesh
 j - a meat ration


   Skills:
 + Level 0.2 Short Blades
 + Level 2.4 Dodging
 + Level 1.9 Stealth
 + Level 2.2 Spellcasting
 + Level 1.0 Conjurations
 + Level 3.5 Fire Magic


You had 5 spell levels left.
You knew the following spells:

 Your Spells              Type           Power        Failure   Level  Hunger
a - Flame Tongue          Conj/Fire      #....        12%         1    #......


Dungeon Overview and Level Annotations

Branches:
Dungeon (2/15)

Altars:


Innate Abilities, Weirdness & Mutations

Your plain brown scales are hard (AC +5).
Your body does not fit into most forms of armour.
You are cold-blooded and may be slowed by cold attacks.


Message History

You aren't carrying any potions.
Read which item? (? for menu, Esc to quit)
Blink to where?
Press: ? - help, Dir - move target cursor You are very lightly contaminated with residual magic.
As you read the scroll labeled ECLIUK LAOMEU, it crumbles to dust.
It was a scroll of blinking.
h - 2 tomahawks of returning
* * * LOW HITPOINT WARNING * * *
You feel sick.
You continue eating. x2
You finish eating.
That meat ration really hit the spot!
Read which item? (? for menu, Esc to quit)
As you read the scroll labeled MUNUQE QUOR AMAP, it crumbles to dust.
You assume a fearsome visage.
Nothing appears to happen.
It was a scroll of fear.
* * * LOW HITPOINT WARNING * * *
You feel sick.
Found 3 gold pieces.
You die...

#$.# #..# ..
#..# ...
#..#####.#
#........#
##.#....#
#####.......###.
#.....@.........
#.###>......###.
##.#........
#.#>.##....
#......#...
##.#..## .#
##...#.# #
#....##.# #.#..#
##


There were no monsters in sight!

Vanquished Creatures
  An adder (D:2)
  A dart slug (D:1)
  2 giant geckos (D:1)
  A giant cockroach (D:1)
  A goblin (D:1)
  3 hobgoblins (D:1)
  7 bats
  A giant newt (D:1)
  4 kobolds
  5 rats
26 creatures vanquished.

Notes
Turn   | Place    | Note
--------------------------------------------------------------
     0 | D:1      | WhiskeyPanda the Draconian Fire Elementalist began the quest for the Orb.
     0 | D:1      | Reached XP level 1. HP: 14/14 MP: 3/3
   100 | D:1      | Reached XP level 2. HP: 17/20 MP: 3/5
   997 | D:2      | Reached XP level 3. HP: 3/26 MP: 6/6
  1003 | D:2      | HP: 1/26 [poisoned by an adder]
  1007 | D:2      | Succumbed to an adder's poison

Skill      XL: |  1 |
---------------+----+-----
Dodging        | 2 |  2.4
Short Blades   | |  0.2
Stealth        | |  1.9
Spellcasting   | |  2.2
Conjurations   | |  1.0
Fire Magic     | |  3.5

Action                   || total
-------------------------++-------
Melee: Short sword       ||    93
       Tailslap          ||     8
Throw: Stone             ||     3
 Cast: Flame Tongue      ||     3
  Use: Scroll            ||     3
  Eat: Fruit             ||     1
       Meat ration       ||     1
Armor: Skin              ||    38
Dodge: Dodged            ||   108
